 Dungeon Crawl Stone Soup version 0.30.2 (webtiles) character file.

Game seed: 3927003730472583045

70 porpoise the Shooter (level 4, -9/34 HPs)
             Began as a Human Hunter on Mar 30, 2024.
             Killed by nerve-wracking pain
             ... invoked by an orc priest
              (14 damage)
             ... on level 3 of the Dungeon.
             The game lasted 00:03:04 (1351 turns).

porpoise the Shooter (Human Hunter)                 Turns: 1351, Time: 00:03:05

Health: -9/34      AC:  6    Str: 11    XL:     4   Next: 45%
Magic:  4/4        EV: 12    Int: 10    God:
Gold:   115        SH:  0    Dex: 18    Spells: 3/3 levels left

rFire   . . .        b - +1 dagger (drain)
rCold   . . .        (no shield)
rNeg    . . .        c - +0 leather armour
rPois   .            (no helmet)
rElec   .            k - +2 cloak
rCorr   +            (no gloves)
SInv    .            (no boots)
Will    .....        (no amulet)
Stlth   ++           d - ring of resist corrosion
HPRegen 0.25/turn    (no ring)
MPRegen 0.09/turn

%: no passive effects
@: no status effects
A: no striking features
a: no special abilities


You were on level 3 of the Dungeon.
You visited 1 branch of the dungeon, and saw 3 of its levels.

You collected 115 gold pieces.

Inventory:

Hand Weapons
 a - a +0 shortbow
 b - a +1 dagger of draining (weapon)
Missiles
 l - 5 poisoned darts
Armour
 c - a +0 leather armour (worn)
 k - a +2 cloak (worn)
Jewellery
 d - a ring of resist corrosion (left hand)
 g - a ring of ice
 m - a ring of fire
Scrolls
 e - a scroll of teleportation {unknown}
 f - 2 scrolls of poison
 i - 2 scrolls of enchant armour
 o - a scroll of brand weapon {unknown}
 p - a scroll of immolation
Potions
 h - 3 potions of brilliance
 j - 2 potions of curing
 n - a potion of degeneration {unknown}


   Skills:
 + Level 2.9 Fighting
 * Level 5.1 Ranged Weapons
 - Level 2.0 Dodging
 - Level 1.0 Stealth


You had 3 spell levels left.
You didn't know any spells.
Your spell library was empty.

Dungeon Overview and Level Annotations

Branches:
Dungeon (3/15)

Altars:

Shops:
D:2 :


Message History

You start resting.
An orc priest comes into view. It is wielding a +0 sling.
An orc wizard comes into view. It is wielding a +0 dagger.
You shoot an arrow. The orc wizard shouts!
The arrow hits the orc wizard but does no damage.
The orc priest casts a cantrip, but nothing happens.
You shoot an arrow. The arrow barely misses the orc wizard.
You shoot an arrow. The arrow barely misses the orc wizard.
The orc wizard hits you with a +0 dagger.
The orc wizard gestures at you while chanting.
The magic dart hits you!
You are too injured to fight recklessly!
You are too injured to fight recklessly!
You are too injured to fight recklessly!
The orc priest invokes the aid of Beogh against you.
Beogh smites you!
* * * LOW HITPOINT WARNING * * *
The orc wizard closely misses you.
You see here a +0 robe.
You are too injured to fight recklessly!
You sense an unholy aura.
b - a +1 dagger of draining (weapon)
You closely miss the orc wizard. The orc wizard closely misses you.
You hit the orc priest.
The orc priest is lightly wounded.
The orc priest unwields a +0 sling.
The orc priest wields a +0 dagger.
The orc priest hits you with a +0 dagger.
* * * LOW HITPOINT WARNING * * *
The orc wizard hits you but does no damage.
You hit the orc priest but do no damage.
The orc priest is lightly wounded.
The orc wizard closely misses you. The orc priest misses you.
You hit the orc priest but do no damage.
You drain the orc priest.
The orc priest is moderately wounded.
The orc wizard closely misses you.
The orc priest calls down the wrath of Beogh upon you.
Pain shoots through your body!
You die...

#+# #.# #.#
##.##
######>..##
..........#
.....#.o@######
#.)...o<.....#
##$#.#.#......!
#.......###.##
###.#.### #
#.#.# . ... ##
#.# #.#


You could see an orc priest (very drained) and an orc wizard.

Vanquished Creatures
  An orc wizard (D:3)
  2 worms (D:2)
  2 orcs (D:3)
  4 ball pythons
  2 bats
  3 endoplasms (D:1)
  A giant cockroach (D:1)
  2 goblins
  7 hobgoblins
  A quokka (D:1)
  2 frilled lizards (D:2)
  3 kobolds
  6 rats
36 creatures vanquished.

Notes
Turn   | Place    | Note
-------+----------+-------------------------------------------
     0 | D:1      | porpoise the Human Hunter began the quest for the Orb.
     0 | D:1      | Reached XP level 1. HP: 16/16 MP: 1/1
    79 | D:1      | Reached XP level 2. HP: 20/22 MP: 2/2
   273 | D:1      | Reached XP level 3. HP: 28/28 MP: 3/3
   927 | D:2      | Found Anac's Book Emporium.
  1086 | D:2      | Found a faded altar of an unknown god.
  1328 | D:3      | Reached skill level 5 in Ranged Weapons
  1328 | D:3      | Reached XP level 4. HP: 23/34 MP: 4/4
  1351 | D:3      | Killed from afar by an orc priest

Illustrated notes

Levels and vault maps discovered:
D:1:      lightli_arrival_statue_moat, layout_basic
D:2:      layout_loops_ring, serial_shops, nicolae_shop_statue_plus,
          ebering_ecumenical_altar_box
D:3:      layout_loops_corners

Skill      XL: |  1  2  3 |
---------------+----------+-----
Ranged Weapons | 5 |  5.1
Fighting       | |  2.9
Dodging        | |  2.0
Stealth        | |  1.0

Action                     |  1- 3 |  4- 6 || total
---------------------------+-------+-------++-------
  Melee: Dagger            |       |     4 ||     4
   Fire: Shortbow          |    88 |     3 ||    91
    Use: Scroll            |     4 |       ||     4
 Armour: Leather armour    |     6 |     1 ||     7
  Dodge: Dodged            |    19 |     5 ||    24
